[ PARTIDA AOE2 · #505002052 ]
UnrankedPersas vs Saracens
Equipo del jugador · VICT
Equipo rival · DERR
[ ANÁLISIS DE REPETICIÓN · EXTRAÍDO DE LA PARTIDA GRABADA ]
Feudal
—
Castillos
—
Imperial
—
| APM promedio | 62.4 |
| APM pico | 82 |
| eAPM promedio | 29.2 |
| Aldeanos / militares | 49 / 0 |
Foco
⚔️ 35.9% · 🌾 64.1%
Feudal
11:54
Castillos
—
Imperial
—
| APM promedio | 63.9 |
| APM pico | 93 |
| eAPM promedio | 22.2 |
| Aldeanos / militares | 33 / 4 |
Foco
⚔️ 13.1% · 🌾 86.9%
Militia ×4
Mapa de la partida
Recursos iniciales + cada clic de construcción. Líneas = muros · curvas = relieve. ◆ oro · ⬟ piedra · ● bayas · ✦ reliquia · ◌ hueco del cierre
Tu base· Abierta — flanco sin cerrar
Base de pablo.okis· Abierta — flanco sin cerrar
Terreno inicial suavizado · ◌ = hueco del cierre detectado · pasá el cursor para detalles
Inputs por minuto
— Rocky_Nevermore - - pablo.okis
Build order — Rocky_Nevermore
71 acciones detectadas en el replay
| 0:00 | Encolar | Villager (Male) |
| 0:01 | Encolar | Villager (Male) |
| 0:02 | Construir | House |
| 0:04 | Construir | House |
| 0:08 | Encolar | Villager (Male) |
| 0:08 | Encolar | Villager (Male) |
| 0:08 | Encolar | Villager (Male) |
| 1:25 | Construir | Lumber Camp |
| 1:26 | Encolar | Villager (Male) |
| 1:50 | Encolar | Villager (Male) |
| 2:20 | Encolar | Villager (Male) |
| 3:01 | Encolar | Villager (Male) |
| 3:09 | Encolar | Villager (Male) |
| 3:15 | Construir | House |
| 3:23 | Construir | House |
| 3:27 | Encolar | Villager (Male) |
| 3:54 | Encolar | Villager (Male) |
| 4:18 | Encolar | Villager (Male) |
| 4:37 | Encolar | Villager (Male) |
| 4:51 | Encolar | Villager (Male) |
| 4:58 | Encolar | Villager (Male) |
| 5:07 | Investigar | Loom |
| 5:24 | Encolar | Villager (Male) |
| 5:26 | Encolar | Villager (Male) |
| 5:31 | Encolar | Villager (Male) |
| 5:35 | Encolar | Villager (Male) |
| 5:38 | Construir | House |
| 5:39 | Construir | House |
| 6:07 | Encolar | Villager (Male) |
| 6:12 | Encolar | Villager (Male) |
| 6:14 | Encolar | Villager (Male) |
| 7:08 | Encolar | Villager (Male) |
| 7:08 | Encolar | Villager (Male) |
| 7:19 | Encolar | Villager (Male) |
| 7:19 | Encolar | Villager (Male) |
| 7:30 | Encolar | Villager (Male) |
| 7:39 | Encolar | Villager (Male) |
| 7:44 | Construir | Mill |
| 7:49 | Construir | Palisade Wall |
| 7:51 | Encolar | Villager (Male) |
| 8:00 | Construir | Palisade Wall |
| 8:10 | Encolar | Villager (Male) |
| 8:14 | Encolar | Villager (Male) |
| 8:42 | Encolar | Villager (Male) |
| 9:22 | Encolar | Villager (Male) |
| 9:24 | Encolar | Villager (Male) |
| 9:25 | Construir | House |
| 9:41 | Encolar | Villager (Male) |
| 9:58 | Construir | Palisade Wall |
| 9:58 | Encolar | Villager (Male) |
| 9:59 | Encolar | Villager (Male) |
| 10:08 | Encolar | Villager (Male) |
| 10:08 | Encolar | Villager (Male) |
| 10:12 | Encolar | Villager (Male) |
| 10:19 | Encolar | Villager (Male) |
| 10:35 | Encolar | Villager (Male) |
| 10:55 | Encolar | Villager (Male) |
| 11:11 | Encolar | Villager (Male) |
| 11:47 | Encolar | Villager (Male) |
| 12:15 | Construir | Town Center |
| 12:33 | Construir | Palisade Wall |
| 12:34 | Construir | Palisade Wall |
| 12:38 | Construir | Palisade Wall |
| 12:41 | Construir | Palisade Wall |
| 12:43 | Construir | Palisade Wall |
| 12:45 | Construir | Palisade Wall |
| 12:46 | Construir | Palisade Wall |
| 13:17 | Encolar | Villager (Male) |
| 13:17 | Encolar | Villager (Male) |
| 13:22 | Investigar | Feudal Age |
| 13:50 | Encolar | Villager (Male) |
Build order — pablo.okis
61 acciones detectadas en el replay
| 0:00 | Encolar | Villager (Male) |
| 0:01 | Encolar | Villager (Male) |
| 0:01 | Encolar | Villager (Male) |
| 0:01 | Encolar | Villager (Male) |
| 0:01 | Encolar | Villager (Male) |
| 0:03 | Construir | House |
| 0:05 | Construir | House |
| 1:28 | Encolar | Villager (Male) |
| 1:29 | Encolar | Villager (Male) |
| 1:29 | Encolar | Villager (Male) |
| 2:00 | Construir | Lumber Camp |
| 2:05 | Encolar | Villager (Male) |
| 2:05 | Encolar | Villager (Male) |
| 2:18 | Encolar | Villager (Male) |
| 2:18 | Encolar | Villager (Male) |
| 2:18 | Encolar | Villager (Male) |
| 2:51 | Encolar | Villager (Male) |
| 2:51 | Encolar | Villager (Male) |
| 2:51 | Encolar | Villager (Male) |
| 3:04 | Encolar | Villager (Male) |
| 3:04 | Encolar | Villager (Male) |
| 3:40 | Encolar | Villager (Male) |
| 3:54 | Construir | House |
| 3:55 | Construir | House |
| 4:07 | Encolar | Villager (Male) |
| 4:07 | Encolar | Villager (Male) |
| 4:36 | Encolar | Villager (Male) |
| 4:36 | Encolar | Villager (Male) |
| 5:02 | Encolar | Villager (Male) |
| 5:02 | Encolar | Villager (Male) |
| 5:41 | Encolar | Villager (Male) |
| 5:41 | Encolar | Villager (Male) |
| 5:41 | Encolar | Villager (Male) |
| 6:10 | Encolar | Villager (Male) |
| 6:10 | Encolar | Villager (Male) |
| 6:22 | Construir | Barracks |
| 6:24 | Construir | House |
| 6:50 | Construir | House |
| 7:22 | Encolar | Villager (Male) |
| 7:23 | Encolar | Villager (Male) |
| 7:40 | Investigar | Loom |
| 7:48 | Construir | House |
| 8:11 | Investigar | Loom |
| 8:50 | Encolar | Villager (Male) |
| 9:21 | Construir | House |
| 9:26 | Construir | House |
| 9:30 | Construir | Palisade Gate |
| 9:44 | Investigar | Feudal Age |
| 9:44 | Investigar | Feudal Age |
| 9:50 | Construir | House |
| 9:51 | Construir | House |
| 9:56 | Construir | House |
| 10:20 | Construir | Mining Camp |
| 10:38 | Encolar | Militia |
| 10:38 | Encolar | Militia |
| 11:21 | Encolar | Militia |
| 11:21 | Encolar | Militia |
| 11:51 | Construir | House |
| 11:54 | Edad | Edad Feudal |
| 12:09 | Construir | Mill |
| 13:49 | Construir | Palisade Gate |
Cronología de la partida
| 6:22 | pablo.okis · first_building Barracks |
| 7:49 | Rocky_Nevermore · wall_segment Palisade Wall x2 |
| 8:00 | Rocky_Nevermore · wall_segment Palisade Wall x2 |
| 9:58 | Rocky_Nevermore · wall_segment Palisade Wall x1 |
| 11:54 | pablo.okis · age_up feudal |
| 12:33 | Rocky_Nevermore · wall_segment Palisade Wall x1 |
| 12:34 | Rocky_Nevermore · wall_segment Palisade Wall x1 |
| 12:38 | Rocky_Nevermore · wall_segment Palisade Wall x1 |
| 12:41 | Rocky_Nevermore · wall_segment Palisade Wall x1 |
| 12:43 | Rocky_Nevermore · wall_segment Palisade Wall x1 |
| 12:45 | Rocky_Nevermore · wall_segment Palisade Wall x1 |
| 12:46 | Rocky_Nevermore · wall_segment Palisade Wall x1 |
| 14:10 | pablo.okis · resign |
[ ANÁLISIS IA · 1 CRÉDITO ]
¿Qué pasó realmente en esta partida?
Wolo.gg analiza cada decisión: build order, eco, micro, errores típicos por bracket. Análisis personalizado por WhatsApp o Discord en 30 segundos.
Guía civ
Persas
Perfil
Rocky_Nevermore